 Dungeon Crawl Stone Soup version 0.18.1-50-g88ac8fd (webtiles) character file.

64842 grisgris the Imperceptible (level 14, -7/98 HPs)
             Began as a Vampire Enchanter on Oct 23, 2016.
             Was the Champion of Sif Muna.
             Mangled by a troll (11 damage)
             ... led by an orc warlord
             ... on level 11 of the Dungeon.
             The game lasted 01:50:06 (29528 turns).

grisgris the Imperceptible (Vampire Enchanter)     Turns: 29528, Time: 01:50:09

Health: -7/98      AC:  0    Str:  7    XL:     14   Next: 73%
Magic:  0/28       EV: 29    Int: 22    God:    Sif Muna [******]
Gold:   1512       SH:  0    Dex: 20    Spells: 7 memorised, 12 levels left

rFire  . . .     SeeInvis +       - Unarmed
rCold  + + .     Gourm    .     (armour currently unavailable)
rNeg   + + +     Faith    .     (shield currently unavailable)
rPois  ∞         Spirit   +     (helmet currently unavailable)
rElec  .         Dismiss  .     (cloak currently unavailable)
rCorr  .         Reflect  .     (gloves currently unavailable)
SustAt .         Harm     .     (boots currently unavailable)
MR     +....                    l - amulet of guardian spirit
Stlth  +++++++++.               (ring currently unavailable)
                                (ring currently unavailable)

@: bat-form, flying, bloodless, non-regenerating, very quick, somewhat resistant
to hostile enchantments, incredibly stealthy
A: fangs 3, see invisible, (unbreathing)
a: End Transformation, Channel Energy, Forget Spell, Renounce Religion


You were on level 11 of the Dungeon.
You worshipped Sif Muna.
Sif Muna was exalted by your worship.
You were bloodless.
You were in vampire-bat-form.
You visited 4 branches of the dungeon, and saw 22 of its levels.
You also visited: Ossuary.

You collected 1722 gold pieces.
You spent 210 gold pieces at shops.

Inventory:

Hand Weapons
 a - a +1 dagger
 e - a +5 short sword of speed (melded)
Armour
 b - a +2 robe (melded)
 h - a +0 buckler (melded)
 j - a +0 cloak (melded)
 n - a +1 pair of boots (melded)
 s - the +3 hat of Pondering (melded) {ponderous, MR+ MP+10 Int+5}
   (You took it off Gastronok on level 9 of the Dungeon)

   It affects your intelligence (+5).
   It affects your resistance to hostile enchantments.
   It affects your magic capacity (+10).
Jewellery
 l - an amulet of guardian spirit (around neck)
 u - a ring of sustain attributes (melded)
 w - a ring of protection from fire (melded)
 S - a +4 ring of protection
 X - an uncursed ring of protection from magic
Wands
 f - a wand of iceblast (5/15)
 z - a wand of teleportation (9/9)
 G - a wand of disintegration (9/24)
 P - a wand of lightning (9/15)
Scrolls
 d - 3 scrolls of remove curse
 i - 3 scrolls of teleportation
 m - 5 scrolls of fog
 t - 3 scrolls of amnesia
 x - 6 scrolls of blinking
 F - a scroll of fear
 I - 2 scrolls of summoning
 K - a scroll of silence
 L - a scroll of magic mapping
 Q - a scroll of identify
 R - a scroll of recharging
Potions
 r - 2 potions of flight
 E - a potion of invisibility
 N - 2 potions of agility
Books
 T - a book of Misfortune

   Spells                             Type                      Level
   a - Confusing Touch                Hexes                        2
   b - Confuse                        Hexes                        3
   c - Gell's Gravitas                Hexes/Translocation          3
   d - Petrify                        Transmutation/Earth          4
   e - Metabolic Englaciation         Hexes/Ice                    5
   f - Yara's Violent Unravelling     Hexes/Transmutation          5
 U - a book of Dreams

   Spells                             Type                      Level
   a - Ensorcelled Hibernation        Hexes/Ice                    2
   b - Silence                        Hexes/Air                    5
   c - Darkness                       Hexes                        6
   d - Shadow Creatures               Summoning                    6
 V - Sif Muna's Catalogue of the Escort
   (Sif Muna gifted it to you on level 7 of the Lair of Beasts)

   Spells                             Type                      Level
   a - Summon Butterflies             Summoning                    1
   b - Summon Guardian Golem          Hexes/Summoning              3
   c - Summon Lightning Spire         Summoning/Air                4
   d - Summon Mana Viper              Hexes/Summoning              5
   e - Summon Horrible Things         Summoning                    8


   Skills:
 + Level 5.3 Fighting
 + Level 7.5 Short Blades
 + Level 2.3 Throwing
 + Level 2.3 Armour
 + Level 8.1 Dodging
 + Level 21.1 Stealth
 - Level 3.5 Shields
 + Level 3.1 Unarmed Combat
 + Level 10.9 Spellcasting
 + Level 14.0 Hexes
 * Level 4.5 Summonings
 + Level 0.4 Transmutations
 - Level 6.9 Ice Magic
 + Level 2.5 Invocations
 + Level 2.6 Evocations


You had 12 spell levels left.
You knew the following spells:

 Your Spells              Type           Power        Failure   Level  Hunger
a - Ensorcelled Hibernat  Hex/Ice        ######       1%          2    None
b - Confuse               Hex            ######..     1%          3    None
c - Yara's Violent Unrav  Hex/Trmt       #####.....   12%         5    ####...
d - Passwall              Trmt/Erth      ##........   10%         2    None
e - Summon Ice Beast      Ice/Summ       #####...     8%          4    #......
f - Summon Mana Viper     Hex/Summ       ######..     3%          5    ####...
g - Summon Butterflies    Summ           ####....     1%          1    None


Dungeon Overview and Level Annotations

Branches:
Dungeon (12/15)            Temple (1/1) D:4            Lair (8/8) D:9
 Shoals (0/4) Lair:5        Snake (0/4) Lair:5        Slime (0/6) Lair:8
    Orc (1/2) D:11

Altars:
Ashenzari
Cheibriados
Dithmenos
Elyvilon
Fedhas
Gozag
Kikubaaqudgha
Makhleb
Nemelex Xobeh
Okawaru
Pakellas
Qazlal
Ru
Sif Muna
Trog
Vehumet
Xom
Yredelemnul
Zin
The Shining One
Jiyva

Shops:
D:4 =

Annotations:
D:11 exclusions: ice statue and obsidian statue
D:12 Azrael


Innate Abilities, Weirdness & Mutations

You do not heal naturally.
You are immune to poison.
You have razor-sharp teeth.
You have supernaturally acute eyesight.
((You can survive without breathing.))


Message History

The orc warrior hits you with a battleaxe!!!
You block the orc warlord's attack. The troll bites you!
The troll barely misses you. x2
You climb upwards.
Welcome back to the Dungeon!
Level annotation: exclusions: ice statue and obsidian statue
There is a staircase to the Orcish Mines here.
You turn into a vampire bat.
Your +5 short sword of speed melds into your body.
Your +0 cloak melds into your body.
The +3 hat of Pondering {ponderous, MR+ MP+10 Int+5} melds into your body.
Your +1 pair of boots melds into your body.
Your +0 buckler melds into your body.
Your +2 robe melds into your body.
Your ring of sustain attributes melds into your body.
Your ring of protection from fire melds into your body.
That put a bit of spring back into your step.
The orc warrior closely misses you.
The orc warlord hits you with a great mace!!!
* * * LOW HITPOINT WARNING * * *
The troll bites you!
You die...

# #.##'###.......###....#........
# #.#....#.......#......#...#####
##.+....#.#####.#......#...# #
#..#....#.# #.#......'...# #
#...#....#.#####.#......#)).#####
....#....#.......#......#..<.....
#####....#####'###......#........
..........##....To......#.####...
..........##...ob.......#.# #...
..........##............#.# #...
..........##............#.# #...
..........##............#.# #...
..........##............#.# #...
..........##............#.####...
#########################........
.................................
....<.........#..................


You could see an orc warlord, a troll and an orc warrior.

Vanquished Creatures
  Gastronok (D:9)
  Snorg (D:12)
  5 hydras
  4 catoblepae
  Erolcha (D:11)
  A death yak (Lair:8)
  The ghost of raph the Destroyer, a novice HEIE of Vehumet (Lair:1)
  The ghost of nikopol the Fighter, a novice MiBe of Trog (D:7)
  A fire crab (Lair:8)
  2 unseen horrors
  3 hill giants
  An orc sorcerer (Orc:1)
  An ugly thing (D:12)
  A torpor snail (Lair:5)
  Maurice (D:9)
  18 elephants
  9 black mambas
  4 rime drakes
  14 spiny frogs
  11 komodo dragons
  A troll (D:12)
  A queen bee (Lair:3)
  14 blink frogs
  7 wyverns
  36 yaks
  A hungry ghost (Lair:1)
  A human (D:8)
  5 basilisks
  10 hippogriffs
  2 vampires
  A wraith (D:11)
  5 hell hounds (D:12)
  20 water moccasins
  5 orc warriors
  13 porcupines
  3 sky beasts
  5 phantoms
  2 ice beasts
  A wasp (D:11)
  6 ogres
  9 wolves
  3 centaurs
  22 crocodiles
  Blork the orc (D:5)
  A gnoll sergeant (D:5)
  24 giant frogs
  2 water moccasin zombies (Ossuary)
  3 scorpions
  31 killer bees
  5 howler monkeys
  5 wights (D:8)
  3 electric eels
  3 bog bodies (Ossuary)
  3 centaur zombies
  4 crimson imps
  A giant frog zombie (Ossuary)
  3 jellies
  A quasit (D:9)
  A giant frog skeleton (D:4)
  7 hounds
  4 orc priests
  10 iguanas
  9 orc wizards
  15 worker ants
  39 sheep
  3 hound skeletons
  4 hound zombies
  2 howler monkey zombies (Ossuary)
  10 mummies (Ossuary)
  4 worker ant zombies
  10 adders
  9 gnolls
  52 river rats
  A shadow imp (D:6)
  4 adder zombies
  An ooze (D:7)
  5 adder skeletons
  6 worms
  4 dart slugs
  3 giant geckos
  34 orcs
  10 bats
  A giant cockroach (D:5)
  6 goblins
  12 hobgoblins
  8 jackals
  3 quokkas
  2 ball pythons
  A giant gecko skeleton (D:5)
  A giant gecko zombie (D:5)
  3 giant newts
  2 jackal skeletons (D:4)
  A jackal zombie (Ossuary)
  11 kobolds
  A quokka skeleton (D:4)
  2 quokka zombies (Ossuary)
  9 rats
654 creatures vanquished.

Vanquished Creatures (collateral kills)
  7 death yaks (Lair:8)
  3 elephants (Lair:8)
  An oklob plant (Lair:8)
  A komodo dragon (Lair:8)
  A troll (Orc:1)
  11 yaks (Lair:8)
  A warg (Orc:1)
  An ogre (Orc:1)
  3 wolves (Lair:8)
  An orc priest (Orc:1)
  An orc wizard (Orc:1)
  4 orcs (Orc:1)
  A plant (Lair:8)
36 creatures vanquished.

Vanquished Creatures (others)
  17 fungi
  9 plants
  3 withered plants (Ossuary)
29 creatures vanquished.

Grand Total: 719 creatures vanquished

Notes
Turn   | Place    | Note
--------------------------------------------------------------
     0 | D:1      | grisgris the Vampire Enchanter began the quest for the Orb.
     0 | D:1      | Reached XP level 1. HP: 13/13 MP: 3/3
   302 | D:1      | Reached XP level 2. HP: 15/19 MP: 5/5
   319 | D:1      | Learned a level 2 spell: Ensorcelled Hibernation
   941 | D:1      | Gained mutation: You have a pair of small horns on your head. [potion of beneficial mutation]
   942 | D:1      | Lost mutation: You have a pair of small horns on your head. [potion of cure mutation]
  1466 | D:2      | Reached XP level 3. HP: 24/24 MP: 3/6
  1636 | D:2      | Reached skill level 5 in Stealth
  1713 | D:2      | Reached skill level 5 in Hexes
  1830 | D:2      | Reached XP level 4. HP: 22/30 MP: 2/7
  2055 | D:2      | Learned a level 3 spell: Confuse
  2433 | D:3      | Reached skill level 6 in Stealth
  2724 | D:3      | Reached XP level 5. HP: 35/35 MP: 9/9
  3215 | D:4      | Noticed a phantom
  3219 | D:4      | Reached skill level 1 in Ice Magic
  3230 | D:3      | Reached skill level 7 in Stealth
  3385 | D:4      | Killed a phantom
  3385 | D:4      | Reached XP level 6. HP: 42/42 MP: 7/11
  3760 | D:4      | Reached skill level 1 in Fighting
  4095 | D:4      | Found a sparkling altar of Nemelex Xobeh.
  4101 | D:4      | Reached XP level 7. HP: 35/48 MP: 0/12
  4420 | D:4      | Found Gorum's Jewellery Emporium.
  4422 | D:4      | Reached skill level 8 in Stealth
  4451 | D:4      | Bought an uncursed ring of sustain attributes for 210 gold pieces
  4579 | D:4      | Found a radiant altar of Vehumet.
  4580 | D:4      | Found a white marble altar of Elyvilon.
  4592 | D:4      | Reached skill level 1 in Shields
  4600 | D:4      | Found a glowing silver altar of Zin.
  4614 | D:4      | Found an iron altar of Okawaru.
  4618 | D:4      | Found a sparkling altar of Nemelex Xobeh.
  4619 | D:4      | Found a blossoming altar of Fedhas.
  4656 | D:4      | Found a staircase to the Ecumenical Temple.
  4670 | Temple   | Entered the Ecumenical Temple
  4722 | Temple   | Became a worshipper of Sif Muna the Loreminder
  4825 | D:5      | Entered Level 5 of the Dungeon
  4825 | D:5      | Found a sand-covered staircase.
  4830 | D:5      | Noticed Blork the orc
  4834 | Ossuary  | Entered an ossuary
  5214 | Ossuary  | Reached * piety under Sif Muna
  5214 | Ossuary  | Reached skill level 5 in Dodging
  5214 | Ossuary  | Reached skill level 9 in Stealth
  5214 | Ossuary  | Reached XP level 8. HP: 38/58 MP: 13/17
  5696 | Ossuary  | Reached skill level 10 in Stealth
  5715 | Ossuary  | Reached XP level 9. HP: 37/64 MP: 6/18
  5966 | Ossuary  | Reached ** piety under Sif Muna
  7407 | D:5      | Killed Blork the orc
  7636 | D:5      | Reached skill level 5 in Short Blades
  8622 | D:6      | Found a glowing golden altar of the Shining One.
  9173 | D:7      | Identified a scroll of acquirement
  9174 | D:7      | Identified grisgris's Reference Book on Virous Transmigration (You acquired it on level 7 of the Dungeon)
  9181 | D:7      | Learned a level 5 spell: Yara's Violent Unravelling
  9389 | D:7      | Reached skill level 11 in Stealth
  9822 | D:7      | Noticed nikopol's ghost (novice MiBe)
  9860 | D:7      | Killed nikopol's ghost
  9860 | D:7      | Reached XP level 10. HP: 61/70 MP: 15/20
 10212 | D:8      | Noticed an unseen horror
 10234 | D:8      | Killed an unseen horror
 10234 | D:8      | Reached skill level 12 in Stealth
 10699 | D:8      | Noticed a centaur warrior
 11204 | D:9      | Noticed Gastronok
 11236 | D:9      | Killed Gastronok
 11236 | D:9      | Reached *** piety under Sif Muna
 11236 | D:9      | Reached skill level 13 in Stealth
 11236 | D:9      | Reached skill level 10 in Hexes
 11355 | D:9      | Found a sacrificial altar of Ru.
 11359 | D:9      | Reached XP level 11. HP: 64/76 MP: 22/22
 11429 | D:9      | Noticed Maurice
 11446 | D:9      | Killed Maurice
 11466 | D:9      | Found a staircase to the Lair.
 11504 | Lair:1   | Entered Level 1 of the Lair of Beasts
 11564 | Lair:1   | Noticed raph's ghost (novice HEIE)
 12023 | Lair:2   | Reached skill level 14 in Stealth
 13075 | Lair:1   | Killed raph's ghost
 13377 | Lair:1   | Reached **** piety under Sif Muna
 13679 | Lair:1   | Reached skill level 5 in Ice Magic
 13799 | Lair:1   | Reached skill level 15 in Stealth
 14241 | Lair:2   | Identified a +2 rod of inaccuracy (12/12) (You found it on level 7 of the Dungeon)
 14247 | Lair:2   | Learned a level 2 spell: Passwall
 14702 | Lair:3   | Reached XP level 12. HP: 83/83 MP: 24/24
 15138 | Lair:3   | Reached skill level 16 in Stealth
 16478 | Lair:3   | Noticed a four-headed hydra
 16610 | Lair:3   | Killed a four-headed hydra
 16964 | Lair:4   | Reached ***** piety under Sif Muna
 17247 | Lair:4   | Reached skill level 17 in Stealth
 18327 | Lair:5   | Noticed a catoblepas
 18374 | Lair:5   | Noticed a seven-headed hydra
 18381 | Lair:5   | Killed a seven-headed hydra
 18563 | Lair:5   | Found a staircase to the Snake Pit.
 18642 | Lair:5   | Killed a catoblepas
 18712 | Lair:5   | Reached XP level 13. HP: 72/90 MP: 19/26
 18892 | Lair:5   | Found a staircase to the Shoals.
 19156 | Lair:5   | Reached skill level 18 in Stealth
 21103 | D:10     | Entered Level 10 of the Dungeon
 21146 | D:10     | Reached skill level 19 in Stealth
 22207 | D:11     | Found an opulent altar of Gozag.
 22404 | D:11     | Noticed Erolcha
 22434 | D:11     | Killed Erolcha
 22735 | D:11     | Found a staircase to the Orcish Mines.
 22787 | D:11     | Learned a level 4 spell: Summon Ice Beast
 23848 | D:12     | Reached skill level 10 in Spellcasting
 23917 | D:12     | Noticed Azrael
 24217 | D:12     | Noticed Snorg
 24225 | D:12     | Reached skill level 5 in Fighting
 24234 | D:12     | Killed Snorg
 25011 | Lair:6   | Reached skill level 20 in Stealth
 25195 | Lair:7   | Reached XP level 14. HP: 98/98 MP: 28/28
 25352 | Lair:7   | Reached ****** piety under Sif Muna
 25352 | Lair:7   | Received a gift from Sif Muna
 25353 | Lair:7   | Identified Sif Muna's Catalogue of the Escort (Sif Muna gifted it to you on level 7 of the Lair of Beasts)
 25360 | Lair:7   | Learned a level 5 spell: Summon Mana Viper
 25664 | Lair:7   | Reached skill level 1 in Summonings
 26080 | Lair:8   | Entered Level 8 of the Lair of Beasts
 26087 | Lair:8   | Found a staircase to the Slime Pits.
 26178 | Lair:8   | Identified a +2 rod of clouds (13/13) (You found it on level 4 of the Lair of Beasts)
 27015 | Lair:8   | Found a viscous altar of Jiyva.
 27448 | Lair:8   | Reached skill level 21 in Stealth
 28478 | Lair:8   | Identified the Handbook of Lethal Aid
 28703 | Lair:2   | Learned a level 1 spell: Summon Butterflies
 28821 | Orc:1    | Entered Level 1 of the Orcish Mines
 28991 | Orc:1    | Noticed an orc warlord
 29528 | D:11     | HP: 4/98 [orc warlord/great mace (30)]
 29528 | D:11     | Mangled by a troll

Skill      XL: |  1  2  3  4  5  6  7  8  9 10 11 12 13 14 |
---------------+-------------------------------------------+-----
Stealth        | 5 6 7 9 10 11 13 15 17 20 21 | 21.1
Hexes          | 5 6 8 9 10 11 12 13 14 | 14.0
Dodging        | 3 5 6 7 8 |  8.1
Spellcasting   | 3 6 7 8 9 10 | 10.9
Short Blades   | 2 4 5 6 7 |  7.5
Ice Magic      | 1 3 4 5 6 |  6.9
Fighting       | 1 3 4 5 |  5.3
Shields        | 3 |  3.5
Throwing       | 2 |  2.3
Armour         | 2 |  2.3
Unarmed Combat | 3 |  3.1
Invocations    | 2 |  2.5
Evocations     | 2 |  2.6
Summonings     | 4 |  4.5
Transmutations | |  0.4

Action                   |  1- 3 |  4- 6 |  7- 9 | 10-12 | 13-15 || total
-------------------------+-------+-------+-------+-------+-------++-------
Melee: Short sword       |    87 |   162 |   405 |   514 |   600 ||  1768
       Dagger            |    14 |       |     6 |    10 |       ||    30
       Bite              |     6 |    10 |    35 |    24 |    45 ||   120
       Unarmed           |       |       |       |       |     4 ||     4
 Cast: Corona            |     7 |       |       |       |       ||     7
       Ensorcelled Hiber |    20 |    34 |    39 |   188 |   257 ||   538
       Confuse           |       |    13 |    61 |    56 |    31 ||   161
       Yara's Violent Un |       |       |     2 |       |       ||     2
       Summon Ice Beast  |       |       |       |       |    32 ||    32
       Summon Mana Viper |       |       |       |       |    24 ||    24
 Abil: Bat Form          |       |       |     1 |     4 |     7 ||    12
       End Transformatio |       |       |     1 |     4 |     6 ||    11
  Use: Potion            |     4 |     1 |     6 |     9 |       ||    20
       Scroll            |     3 |     6 |     6 |    15 |    12 ||    42
 Stab: Sleeping          |    18 |    33 |    35 |   187 |   207 ||   480
       Confused          |       |     7 |    35 |    41 |    28 ||   111
       Distracted        |       |     1 |       |     1 |     6 ||     8
  Eat: Corpse            |       |     1 |     2 |     2 |     2 ||     7
Armor: Robe              |    21 |    14 |    18 |    66 |   113 ||   232
Dodge: Dodged            |    84 |    45 |   148 |   271 |   308 ||   856
Block: Buckler           |     3 |    18 |    44 |    88 |   105 ||   258
